AoeStats
← [GDL] HANNIBAL

Nomad

508924414Analyzed
3v3 RM · 8d ago on Sep 24, 2026· 29m 45s· 6 players
Game mode
Random Map
Map size
210×210
Population
200
Speed
Normal
Resources
Standard
Victory
Conquest
Starting age
Dark Age
Ending age
Imperial Age
RankedLock teamsTeams togetherTeam positionsShared explorationLock speedFull tech treeHidden civsTurbo modeCheats
Victory
Defeat
🇳🇱 Malians · Netherlands
1420
+12
🇳🇱 Vietnamese · Netherlands
1410
+13
🇳🇱 Varangians · Netherlands
1403
+13
🇦🇷 Khmer · Argentina
1393
-14
🇲🇽 Varangians · Mexico
1372
-14
🇦🇷 Persians · Argentina
1253
-10
[NAK]_Rucommander
4:47 Loom
13:37 Feudal Age
17:25 Castle Age
16:26 Fletching
16:48 Double-Bit Axe
18:07 Bodkin Arrow
18:43 Bow Saw
20:05 Town Watch
20:22 Gold Mining
25:37 Padded Archer Armor
26:35 Wheelbarrow
[NAK]_Harry Carry
5:01 Loom
12:55 Feudal Age
15:39 Double-Bit Axe
18:29 Fletching
18:46 Horse Collar
22:23 Castle Age
20:22 Gold Mining
20:52 Fishing Lines
23:23 Medium Warships
23:09 Bodkin Arrow
24:54 Bow Saw
29:04 Wheelbarrow
29:53 Careening
29:55 Clinker Construction
[NAK]_Spetter
5:00 Loom
12:35 Feudal Age
16:39 Castle Age
15:45 Gold Mining
15:38 Horse Collar
15:52 Fletching
16:31 Double-Bit Axe
17:01 Forging
18:05 Scale Mail Armor
23:10 Chain Mail Armor
26:37 Heavy Plow
27:01 Bodkin Arrow
[GDL] HANNIBAL
5:50 Loom
12:50 Feudal Age
13:30 Double-Bit Axe
15:44 Town Watch
17:34 Wheelbarrow
22:34 Castle Age
21:36 Fletching
23:09 Bodkin Arrow
29:02 Bow Saw
Calaizz
8:34 Loom
13:57 Feudal Age
17:59 Castle Age
26:58 Fletching
TeWs
4:59 Loom
14:28 Feudal Age
19:21 Castle Age
18:24 Stone Mining
20:21 Double-Bit Axe
22:13 Gold Mining
23:14 Scale Barding Armor
23:23 Horse Collar
24:25 Husbandry
29:18 Bow Saw
29:15 Heavy Plow
29:56 Chain Barding Armor
Connection lost

Rejoining the realm…

Still unreachable

The connection could not be restored.

Session expired

The server has moved on; the page needs a fresh start.